 Dungeon Crawl Stone Soup version 0.26-a0-639-g72c4674329 (webtiles) character file.

Game seed: 8582880665303062441

651 Descartes the Magician (level 7, 0/36 HPs)
             Began as a Deep Elf Hedge Wizard on Sept 17, 2020.
             Slain by Edmund
             ... wielding a +4 vorpal flail
              (1 damage)
             ... on level 4 of the Dungeon.
             The game lasted 00:08:01 (4866 turns).

Descartes the Magician (Deep Elf Hedge Wizard)      Turns: 4866, Time: 00:08:06

Health: 0/36       AC:  4    Str:  7    XL:     7   Next: 28%
Magic:  18/18      EV: 13    Int: 21    God:
Gold:   156        SH:  0    Dex: 14    Spells: 17/18 levels left

rFire    . . .     SeeInvis .   F - +1 dagger (venom)
rCold    . . .     Faith    .   (no shield)
rNeg     . . .     Spirit   .   v - +0 leather armour {MR+}
rPois    .         Reflect  .   c - +0 hat
rElec    .         Harm     .   j - +0 cloak
rCorr    +         Rampage  .   (no gloves)
MR       +....                  (no boots)
Stlth    +++.......             (no amulet)
HPRegen  0.12/turn              p - ring of resist corrosion
MPRegen  0.16/turn              (no ring)

@: no status effects
A: mutation resistance 1, MP-powered wands
a: no special abilities


You were on level 4 of the Dungeon.
You visited 1 branch of the dungeon, and saw 4 of its levels.

You collected 156 gold pieces.

Inventory:

Hand Weapons
 a - a +0 dagger
 e - a +2 dagger of freezing
 C - a +1 vampiric short sword
 F - a +1 dagger of venom (weapon)
Missiles
 d - 121 stones
 k - 5 silver javelins
 l - 25 poisoned darts (quivered)
 m - 70 arrows
 q - 62 bolts
 x - 5 boomerangs
Armour
 b - a +0 buckler
 c - a +0 hat (worn)
 g - a +0 ring mail
 j - a +0 cloak (worn)
 v - a +0 leather armour of magic resistance (worn)
Magical Staves
 u - an uncursed staff of earth {unknown}
Jewellery
 p - a ring of resist corrosion (left hand)
Wands
 t - a wand of iceblast (11)
 G - a wand of polymorph (2)
Scrolls
 i - 3 scrolls of enchant weapon
 n - a scroll of fog
 r - a scroll of fear
 w - a scroll of identify {unknown}
 y - 2 scrolls of teleportation
 A - a scroll of blinking {unknown}
 D - a scroll of noise {unknown}
Potions
 f - a potion of curing {unknown}
 h - 3 potions of flight {unknown}
 o - 3 potions of mutation
 s - a potion of berserk rage {unknown}
 z - a potion of magic {unknown}
 B - a potion of invisibility {unknown}
 E - a potion of might {unknown}


   Skills:
 + Level 4.7 Dodging
 + Level 5.0 Stealth
 * Level 3.0 Shields
 + Level 6.3 Spellcasting
 + Level 3.7 Conjurations
   Level 1.1 Summonings
   Level 1.1 Translocations


You had 17 spell levels left.
You knew the following spells:

 Your Spells              Type           Power        Failure   Level
a - Magic Dart            Conj           ###.         3%          1

Your spell library contained the following spells:

 Spells                   Type           Power        Failure   Level
 Blink                    Tloc           N/A          14%         2
 Call Imp                 Summ           ##......     14%         2
 Conjure Flame            Conj/Fire      ##......     21%         3
 Slow                     Hex            #.......     22%         2
 Mephitic Cloud           Conj/Pois/Air  ##......     26%         3


Dungeon Overview and Level Annotations

Branches:
Dungeon (4/15)
 Temple: D:4-7

Altars:

Annotations:
D:4 Edmund


Innate Abilities, Weirdness & Mutations

You are somewhat resistant to further mutation.
You expend magic power (3 MP) to strengthen your wands.


Message History

Edmund is lightly wounded.
Edmund completely misses you.
You feel the dreadful sensation subside.
Your +1 dagger of venom begins to drip with poison!
F - a +1 dagger of venom (weapon)
You hit Edmund but do no damage.
Edmund is poisoned.
Edmund is lightly wounded.
Edmund completely misses you.
You hit Edmund.
Edmund looks as sick as possible!
Edmund is lightly wounded.
Edmund hits you with a +4 vorpal flail!
* * * LOW HITPOINT WARNING * * *
x2 Sorry, you're not good enough to have a special ability.
It was a potion of mutation.
You feel extremely strange.
You feel a little pissed off.
You feel a little more calm.
You feel your magical essence link to the dungeon's wands.
You feel genetically stable. Edmund hits you with a +4 vorpal flail.
* * * LOW HITPOINT WARNING * * *
You die...

#..#...5.##
#####.####.###
##..#..# #
##......##
#........##
#....)....##
#...........#
............#
...........@#
...........@#
............#
...........#
...........#
..........#
........[#
........##
........#


You could see Edmund (extremely poisoned).

Vanquished Creatures
  Grinder (D:3)
  Eustachio (D:4)
  Menkaure (D:3)
  Ijyb (D:3)
  Robin (D:3)
  5 adders
  An ooze (D:3)
  3 worms
  A dart slug (D:1)
  2 leopard geckos
  2 orcs (D:3)
  A ball python (D:2)
  5 giant cockroaches
  18 goblins
  10 hobgoblins
  5 jackals
  9 bats
  5 frilled lizards
  8 kobolds
  15 rats
95 creatures vanquished.

Notes
Turn   | Place    | Note
-------+----------+-------------------------------------------
     0 | D:1      | Descartes the Deep Elf Hedge Wizard began the quest for the
                  | Orb.
     0 | D:1      | Reached XP level 1. HP: 10/10 MP: 7/7
   307 | D:1      | Reached XP level 2. HP: 15/15 MP: 7/9
   987 | D:1      | Reached XP level 3. HP: 19/19 MP: 6/11
  1802 | D:2      | Reached skill level 5 in Spellcasting
  2210 | D:2      | Reached XP level 4. HP: 21/24 MP: 5/13
  3044 | D:3      | Noticed Robin
  3179 | D:3      | Killed Robin
  3179 | D:3      | Reached skill level 1 in Shields
  3330 | D:3      | Reached XP level 5. HP: 28/28 MP: 11/14
  3675 | D:3      | Noticed Grinder
  3686 | D:3      | Paralysed by Grinder for 4 turns
  3705 | D:3      | Killed Grinder
  3705 | D:3      | Reached XP level 6. HP: 23/32 MP: 1/16
  4094 | D:3      | Noticed Ijyb
  4107 | D:3      | Killed Ijyb
  4451 | D:4      | Noticed Eustachio
  4619 | D:4      | Killed Eustachio
  4619 | D:4      | Reached skill level 6 in Spellcasting
  4619 | D:4      | Reached XP level 7. HP: 28/36 MP: 14/18
  4620 | D:4      | Noticed Menkaure
  4693 | D:4      | Noticed Edmund
  4700 | D:3      | Killed Menkaure
  4700 | D:3      | Reached skill level 5 in Stealth
  4866 | D:4      | Gained mutation: You tend to lose your temper in combat.
                  | [potion of mutation]
  4866 | D:4      | Lost mutation: You tend to lose your temper in combat.
                  | [potion of mutation]
  4866 | D:4      | Gained mutation: You expend magic power (3 MP) to
                  | strengthen your wands. [potion of mutation]
  4866 | D:4      | Gained mutation: You are somewhat resistant to further
                  | mutation. [potion of mutation]
  4866 | D:4      | HP: 1/36 [Edmund/+4 vorpal flail (2)]
  4866 | D:4      | Slain by Edmund

Illustrated notes

Levels and vault maps discovered:
D:1:      lightli_arrival_windingriver, layout_loops_cross
D:2:      layout_rooms, minmay_distorted
D:3:      minmay_bubble_buster, layout_basic, uniq_grinder, uniq_ijyb,
          uniq_robin
D:4:      layout_cave_pods, serial_shops, shop, uniq_eustachio, uniq_edmund,
          uniq_blork_the_orc, uniq_menkaure

Skill      XL: |  1  2  3  4  5  6  7 |
---------------+----------------------+-----
Stealth        | 3 4 5 |  5.0
Dodging        | 3 4 |  4.7
Conjurations   | 2 3 |  3.7
Spellcasting   | 5 6 |  6.3
Shields        | 1 2 3 |  3.0
Summonings     | |  1.1
Translocations | |  1.1

Action                   |  1- 3 |  4- 6 |  7- 9 || total
-------------------------+-------+-------+-------++-------
Melee: Dagger            |    27 |    38 |     2 ||    67
       Short sword       |       |       |    12 ||    12
Throw: Dart              |       |     5 |       ||     5
 Cast: Magic Dart        |   118 |   138 |     7 ||   263
  Use: Scroll            |     1 |     4 |       ||     5
       Potion            |       |       |     1 ||     1
Armor: Robe              |     7 |       |       ||     7
       Ring mail         |     7 |       |       ||     7
       Leather armour    |       |    25 |     1 ||    26
Dodge: Dodged            |    28 |    55 |     8 ||    91

Table legend: (Time is in decaauts)
 A = Elapsed time spent in this place.
 B = Non-inter-level travel time spent in this place.
 C = Inter-level travel time spent in this place.
 D = Time resting spent in this place.
 E = Time spent auto-exploring this place.
 F = Levels seen in this place.
 G = Mean time per level.
                   A        B        C        D        E       F      G
               +--------+--------+--------+--------+--------+-----+--------+
         Total |   4869 |   4764 |    105 |      0 |   4132 |   4 | 1217.2 |
       Dungeon |   4869 |   4764 |    105 |      0 |   4132 |   4 | 1217.2 |
               +--------+--------+--------+--------+--------+-----+--------+

Top non-repeatable levels by time:
     D:3: 2280 daAuts
     D:1: 1693 daAuts
     D:2: 814 daAuts
     D:4: 80 daAuts
